 Dungeon Crawl Stone Soup version 0.28.0-43-g3370ac3207 (webtiles) character file.

Game seed: 14978367197941245241

740 crimpus the Cudgeller (level 7, 0/62 HPs)
             Began as a Minotaur Abyssal Knight on Mar 17, 2022.
             Was a Priest of Lugonu.
             Slain by an unseen horror (7 damage)
             ... on level 5 of the Dungeon.
             The game lasted 00:10:17 (5795 turns).

crimpus the Cudgeller (Minotaur Abyssal Knight)     Turns: 5795, Time: 00:10:18

Health: 0/62       AC: 13    Str: 19 (20) XL:     7   Next: 46%
Magic:  6/8        EV:  8    Int:  5 (7)  God:    Lugonu [***...]
Gold:   207        SH:  0    Dex:  9 (10) Spells: 6/6 levels left

rFire   . . .      SeeInvis .   c - +0 whip (elec)
rCold   . . .      Faith    .   (no shield)
rNeg    . . .      Spirit   .   d - +0 chain mail
rPois   .          Reflect  .   (helmet restricted)
rElec   .          Harm     .   (no cloak)
rCorr   +          Rampage  .   (no gloves)
Will    .....                   i - +2 pair of boots
Stlth   ..........              (no amulet)
HPRegen 0.20/turn               a - ring of resist corrosion
MPRegen 0.11/turn               (no ring)

@: no status effects
A: horns 2, retaliatory headbutt
a: Renounce Religion, Depart the Abyss, Bend Space, Banish


You were on level 5 of the Dungeon.
You worshipped Lugonu.
Lugonu was most pleased with you.
You visited 1 branch of the dungeon, and saw 5 of its levels.
You visited the Abyss 1 time.

You collected 207 gold pieces.

Inventory:

Hand Weapons
 c - a +0 whip of electrocution (weapon)
 g - a +0 club
Armour
 d - a +0 chain mail (worn)
 i - a +2 pair of boots (worn)
Jewellery
 a - a ring of resist corrosion (left hand)
Wands
 f - a wand of iceblast (6)
Scrolls
 b - a scroll of identify
 e - 2 scrolls of enchant weapon


   Skills:
 + Level 5.9 Fighting
 + Level 6.6 Maces & Flails
 + Level 5.6 Armour
 - Level 1.3 Dodging
 * Level 3.1 Invocations


You had 6 spell levels left.
You didn't know any spells.
Your spell library contained the following spells:

 Spells                   Type           Power      Damage    Failure   Level
 Animate Skeleton         Necr           0%         N/A       99%         1
 Pain                     Necr           0%         1d4       99%         1
 Blink                    Tloc           0%         N/A       100%        2
 Lesser Beckoning         Tloc           0%         N/A       100%        3
 Vampiric Draining        Necr           0%         2d6       100%        3
 Manifold Assault         Tloc           0%         N/A       100%        5


Dungeon Overview and Level Annotations

Branches:
Dungeon (5/15)
 Temple: D:4-7

Altars:

Shops:
D:4 ?(??*

Annotations:
D:5 Duvessa, Eustachio


Innate Abilities, Weirdness & Mutations

You have a pair of horns on your head.
You reflexively headbutt those who attack you in melee.


Message History

You kill Dowan!
Lugonu accepts your kill.
Duvessa screams, "No!
How DARE you!"
Duvessa goes berserk!
Duvessa hits you with a +0 rapier! Something hits you but does no damage.
You hit Duvessa. Your headbutt misses Duvessa.
Duvessa is lightly wounded.
Something hits you but does no damage. Duvessa hits you but does no damage.
An ogre comes into view. It is wielding a +0 giant club.
Unknown command.
Space bends around you!
You blink.
Space bends around you!
You blink.
Something hits you.
Duvessa rages.
Space bends around you!
You blink.
Found a scale mail and a tower shield.
Something hits you but does no damage. Something hits you but does no damage.
As you read the scroll labelled MORYEC LYIRHE, it crumbles to dust.
It is a scroll of amnesia.
You feel forgetful for a moment. Something hits you but does no damage.
Something hits you. Something hits you. x2
Found a leather armour.
Something hits you. Something hits you but does no damage.
It was a potion of degeneration.
There was something very wrong with that liquid.
You feel weakened.
You feel dopey.
You feel clumsy. Something hits you!
* * * LOW HITPOINT WARNING * * *
Something hits you.
* * * LOW HITPOINT WARNING * * *
Something hits you.
* * * LOW HITPOINT WARNING * * *
You see here a +0 leather armour.
Something hits you but does no damage. The ogre barely misses you.
You hear an angry hiss.
Space bends around you!
You blink.
Found 3 curare-tipped darts.
Something hits you but does no damage.
Found an escape hatch in the floor.
Something hits you!
You die...

.r@#≈.# ####≈≈# ..# #≈≈#
#.##### #.≈≈ #..... #.≈≈≈
#.... # #..≈## #... ...##
######..# ## ##. #>....(.#
.##.... #@.# ....## #..
#..##.....#. ... #.#
##........... #.# #.#
#............. #.# #.#
#.............. #.# #.#
#..#Oe......... #.##
#.######..#...........
###..###.##..).$...S.........
.............................


You could see Duvessa (berserk, fast), an ogre and an adder.

Vanquished Creatures
  A black bear (D:5)
  An ogre (D:3)
  Dowan (D:5)
  A bullfrog skeleton (D:3)
  A centaur skeleton (D:5)
  3 jellies
  A scorpion zombie (D:5)
  Ijyb (D:3)
  4 orc wizards
  An iguana (D:5)
  Robin (D:4)
  6 adders
  A worm (D:2)
  3 dart slugs
  15 orcs
  6 ball pythons
  2 bats
  11 endoplasms
  2 giant cockroaches (D:1)
  16 goblins
  7 hobgoblins
  2 quokkas (D:3)
  6 kobolds
  11 rats
104 creatures vanquished.

Notes
Turn   | Place    | Note
-------+----------+-------------------------------------------
     0 | Abyss:1  | crimpus the Minotaur Abyssal Knight began the quest for the
                  | Orb.
     0 | Abyss:1  | Reached XP level 1. HP: 19/19 MP: 1/1
    65 | Abyss:1  | Noticed a thrashing horror
    66 | D:1      | Escaped the Abyss
    83 | D:1      | Noticed a demigod
    83 | D:1      | Noticed a gargoyle
    85 | D:1      | Noticed a tengu
    85 | D:1      | Noticed a minotaur
    87 | D:1      | Noticed a formicid
    89 | D:1      | Noticed a troll
    93 | D:1      | Noticed an ogre
    93 | D:1      | Noticed an elf
    95 | D:1      | Noticed a human
    95 | D:1      | Noticed a spriggan
    97 | D:1      | Noticed a felid
    97 | D:1      | Noticed a draconian
    99 | D:1      | Noticed a naga
   101 | D:1      | Noticed a dwarf
   101 | D:1      | Noticed a merfolk
   103 | D:1      | Noticed an octopode
   103 | D:1      | Noticed a ghoul
   105 | D:1      | Noticed a vampire
   105 | D:1      | Noticed a demonspawn
   107 | D:1      | Noticed a vine stalker
   259 | D:1      | You fall into a shaft and drop 1 floor!
   279 | D:2      | Reached * piety under Lugonu
   280 | D:2      | Reached XP level 2. HP: 25/27 MP: 2/2
   399 | D:2      | Reached skill level 3 in Maces & Flails
   613 | D:1      | Reached XP level 3. HP: 34/34 MP: 3/3
   724 | D:1      | Found a faded altar of an unknown god.
  1233 | D:2      | Reached ** piety under Lugonu
  1542 | D:3      | Reached XP level 4. HP: 40/41 MP: 4/4
  1690 | D:3      | Noticed an ogre
  1700 | D:3      | Reached skill level 4 in Maces & Flails
  3198 | D:4      | Found Buuwenga's Assorted Antiques.
  3281 | D:4      | Reached skill level 5 in Fighting
  3303 | D:4      | Noticed Robin
  3333 | D:4      | Killed Robin
  3334 | D:4      | Reached XP level 5. HP: 25/48 MP: 5/5
  3520 | D:4      | Found Wuyqil's Magic Scroll Boutique.
  3560 | D:4      | Found Risoaw's Weapon Shoppe.
  3655 | D:4      | Found Keprus's Magic Scroll Emporium.
  3833 | D:4      | Found Uniption's Magic Scroll Boutique.
  3856 | D:4      | Reached *** piety under Lugonu
  3857 | D:4      | Reached skill level 5 in Maces & Flails
  4388 | D:3      | Reached XP level 6. HP: 56/56 MP: 6/6
  4730 | D:3      | Noticed Ijyb
  4743 | D:3      | Killed Ijyb
  4744 | D:3      | Reached skill level 6 in Maces & Flails
  5291 | D:5      | Entered Level 5 of the Dungeon
  5321 | D:5      | Reached skill level 5 in Armour
  5321 | D:5      | Reached XP level 7. HP: 53/62 MP: 6/8
  5396 | D:5      | Noticed Eustachio
  5769 | D:5      | Noticed Duvessa
  5769 | D:5      | Noticed Dowan
  5775 | D:5      | Killed Dowan
  5795 | D:5      | Slain by an unseen horror

Illustrated notes

Levels and vault maps discovered:
D:1:      kb_arrival_jail, layout_basic, basic_ecumenical_altar
D:2:      layout_rooms
D:3:      layout_basic, uniq_ijyb
D:4:      layout_loops_cross, serial_shops, nicolae_diamond_shop, shop,
          nicolae_lakefront_shop, shop_statue, nicolae_stop_n_shop_1, uniq_robin
D:5:      layout_rooms, chequers_serial_rivers_small_a, uniq_eustachio,
          uniq_blork_the_orc, uniq_duvessa

Skill      XL: |  1  2  3  4  5  6  7 |
---------------+----------------------+-----
Fighting       | 4 5 |  5.9
Maces & Flails | 3 4 5 6 |  6.6
Armour         | 3 4 5 |  5.6
Invocations    | 2 3 |  3.1
Dodging        | |  1.3

Action                   |  1- 3 |  4- 6 |  7- 9 || total
-------------------------+-------+-------+-------++-------
Melee: Mace              |    57 |       |       ||    57
       Headbutt          |    10 |    28 |    10 ||    48
       Punch             |     1 |     1 |     2 ||     4
       Whip              |    26 |   165 |    38 ||   229
Invok: Depart the Abyss  |     1 |       |       ||     1
       Bend Space        |       |     6 |     8 ||    14
  Use: Potion            |     2 |       |     1 ||     3
       Scroll            |     1 |     4 |     1 ||     6
Armor: Leather armour    |     2 |       |       ||     2
       Chain mail        |    26 |    83 |    39 ||   148
Dodge: Dodged            |    35 |    51 |    24 ||   110
